 Dungeon Crawl Stone Soup version 0.22.0-49-gab54619 (webtiles) character file.

159 Fang the Skirmisher (level 5, -1/51 HPs)
             Began as a Gargoyle Berserker on Sept 4, 2018.
             Was a Priest of Trog.
             Killed by nerve-wracking pain
             ... invoked by Grinder
              (3 damage)
             ... on level 3 of the Dungeon.
             The game lasted 00:03:44 (1998 turns).

Fang the Skirmisher (Gargoyle Berserker)            Turns: 1998, Time: 00:03:45

Health: -1/51      AC:  6    Str: 26    XL:     5   Next: 40%
Magic:  5/5        EV: 12    Int:  8    God:    Trog [***...]
Gold:   147        SH:  0    Dex:  9    Spells: 4/4 levels left

rFire    . . .     SeeInvis .   a - +0 hand axe
rCold    . . .     Gourm    .   (no shield)
rNeg     + . .     Faith    .   b - +0 animal skin
rPois    ∞         Spirit   .   (no helmet)
rElec    +         Reflect  .   (no cloak)
rCorr    .         Harm     .   (no gloves)
MR       .....                  (no boots)
Stlth    ..........             (no amulet)
HPRegen  0.17/turn              (no ring)
MPRegen  0.09/turn              (no ring)

@: berserking, very quick
A: negative energy resistance 1, electricity resistance, unbreathing,
petrification resistance, rot immunity, AC +4
a: Berserk, Trog's Hand, Renounce Religion


You were on level 3 of the Dungeon.
You worshipped Trog.
Trog was most pleased with you.
You were hungry.

You visited 1 branch of the dungeon, and saw 3 of its levels.

You collected 147 gold pieces.

Inventory:

Hand Weapons
 a - a +0 hand axe (weapon)
Armour
 b - a +0 animal skin (worn)
Scrolls
 d - 4 scrolls of identify {unknown}
 e - 2 scrolls of blinking {unknown}
 i - 2 scrolls of immolation {unknown}
 j - 2 scrolls of teleportation {unknown}
 k - 2 scrolls of remove curse {unknown}
 l - a scroll of enchant weapon {unknown}
Potions
 f - 2 potions of curing {unknown}
 g - 2 potions of heal wounds {unknown}
 h - a potion of might {unknown}
 m - 3 potions of flight {unknown}
Comestibles
 c - 5 rations
 n - 2 chunks of flesh


   Skills:
 + Level 4.4 Fighting
 + Level 4.0 Axes
 + Level 2.4 Armour
 + Level 2.5 Dodging
 + Level 0.6 Stealth


You had 4 spell levels left.
You didn't know any spells.
Your spell library was empty.

Dungeon Overview and Level Annotations

Branches:
Dungeon (3/15)

Altars:
Fedhas
Gozag
Trog
Zin

Annotations:
D:3 Grinder


Innate Abilities, Weirdness & Mutations

You are resistant to torment.
Your stone body is resilient. (AC +4)
You are immune to poison.
You resist negative energy. (rN+)
You are resistant to electric shocks. (rElec)
You can survive without breathing.
You are immune to petrification.
You are immune to rotting.


Message History

Grinder is heavily wounded.
Grinder hits you.
* * * LOW HITPOINT WARNING * * *
You writhe in agony.
* * * LOW HITPOINT WARNING * * *
You can't go up here!
A red film seems to cover your vision as you go berserk!
You feel yourself moving faster!
You feel mighty!
You are feeling hungry.
Grinder barely misses you.
You barely miss Grinder.
Grinder is heavily wounded.
You hit Grinder.
Grinder is heavily wounded.
Grinder closely misses you.
You slash Grinder!
Grinder is almost dead.
Grinder gestures at you. Pain shoots through your body!
You die...

###### ####.... ###
#.....# #..
#.$.@.####.########.#
#...5................
#.$...####.# ######.#
#.....####.# #..
###$.......# #..
####.########## ##.
#.## #.....# #.
#.#.###.....####.
#.###.##..........


You could see Grinder.

Vanquished Creatures
  Jessica (D:2)
  Robin (D:2)
  4 adders (D:2)
  3 oozes
  A worm (D:3)
  A dart slug (D:1)
  A leopard gecko (D:1)
  5 bats
  2 giant cockroaches
  14 goblins
  9 hobgoblins
  9 jackals
  A quokka (D:2)
  2 ball pythons
  4 frilled lizards
  4 kobolds
  4 rats
66 creatures vanquished.

Notes
Turn   | Place    | Note
-------+----------+-------------------------------------------
     0 | D:1      | Fang the Gargoyle Berserker began the quest for the Orb.
     0 | D:1      | Reached XP level 1. HP: 14/14 MP: 1/1
    73 | D:1      | Reached XP level 2. HP: 13/19 MP: 2/2
   262 | D:1      | Reached XP level 3. HP: 21/24 MP: 3/3
   384 | D:1      | Reached ** piety under Trog
   482 | D:2      | Noticed Jessica
   491 | D:2      | Killed Jessica
   491 | D:2      | Reached XP level 4. HP: 23/29 MP: 4/4
   703 | D:2      | Noticed Robin
   712 | D:2      | Killed Robin
   742 | D:2      | Found a bloodstained altar of Trog.
   742 | D:2      | Found a glowing silver altar of Zin.
  1346 | D:2      | Reached XP level 5. HP: 26/34 MP: 5/5
  1529 | D:2      | Found a blossoming altar of Fedhas.
  1569 | D:2      | Found an opulent altar of Gozag.
  1861 | D:3      | Reached *** piety under Trog
  1969 | D:3      | Noticed Grinder
  1974 | D:3      | Paralysed by Grinder for 5 turns
  1993 | D:3      | HP: 1/34 [Grinder (1)]
  1998 | D:3      | Killed from afar by Grinder

Skill      XL: |  1  2  3  4  5 |
---------------+----------------+-----
Axes           | 3 4 |  4.0
Fighting       | 4 |  4.4
Dodging        | 2 |  2.5
Armour         | |  2.4
Stealth        | |  0.6

Action                   |  1- 3 |  4- 6 || total
-------------------------+-------+-------++-------
Melee: Hand axe          |    65 |   187 ||   252
Invok: Berserk           |       |     2 ||     2
  Eat: Chunk             |       |     5 ||     5
Armor: Animal skin       |    25 |    61 ||    86
Dodge: Dodged            |    59 |   125 ||   184
